 Dungeon Crawl Stone Soup version 0.26-a0-611-g354ed81502 (webtiles) character file.

Game seed: 488875613751066187

155 Peloso the Shield-Bearer (level 5, -5/47 HPs)
             Began as a Minotaur Fighter on Sept 5, 2020.
             Killed from afar by an orc wizard (6 damage)
             ... with a puff of flame
             ... on level 3 of the Dungeon.
             The game lasted 00:04:39 (2409 turns).

Peloso the Shield-Bearer (Minotaur Fighter)         Turns: 2409, Time: 00:04:40

Health: -5/47      AC:  9    Str: 21    XL:     5   Next: 14%
Magic:  4/4        EV:  5    Int:  5    God:
Gold:   75         SH: 11    Dex: 10    Spells: 4/4 levels left

rFire    . . .     SeeInvis .   a - +0 long sword
rCold    . . .     Faith    .   r - +1 kite shield
rNeg     . . .     Spirit   .   k - +0 chain mail
rPois    +         Reflect  .   (helmet restricted)
rElec    .         Harm     .   (no cloak)
rCorr    .                      (no gloves)
MR       .....                  (no boots)
Stlth    ..........             i - amulet of the acrobat
HPRegen  0.15/turn              p - ring of poison resistance
MPRegen  0.09/turn              (no ring)

@: no status effects
A: retaliatory headbutt, horns 2
a: no special abilities


You were on level 3 of the Dungeon.
You visited 1 branch of the dungeon, and saw 3 of its levels.

You collected 75 gold pieces.

Inventory:

Hand Weapons
 a - a +0 long sword (weapon)
Missiles
 w - 23 bolts
Armour
 b - a +0 scale mail
 c - a +1 scale mail of fire resistance
 k - a +0 chain mail (worn)
 r - a +1 kite shield (worn)
Jewellery
 i - an amulet of the acrobat (around neck)
 p - a ring of poison resistance (left hand)
 v - a cursed ring of resist corrosion {unknown}
Wands
 x - a wand of polymorph (8)
Scrolls
 g - a scroll of immolation {unknown}
 h - a scroll of amnesia {unknown}
 j - 2 scrolls of remove curse
 l - a scroll of magic mapping {unknown}
 m - a scroll of blinking
 n - a scroll of fear
 o - a scroll of noise {unknown}
 s - a scroll of enchant armour
 t - a scroll of identify {unknown}
Potions
 d - 2 potions of might
 e - 2 potions of curing
 f - a potion of magic {unknown}
 q - a potion of brilliance {unknown}
 u - a potion of stabbing {unknown}


   Skills:
 + Level 4.5 Fighting
 + Level 3.9 Long Blades
 + Level 4.4 Armour
 + Level 0.3 Dodging
 + Level 0.1 Stealth
 + Level 5.0 Shields


You had 4 spell levels left.
You didn't know any spells.
Your spell library was empty.

Dungeon Overview and Level Annotations

Branches:
Dungeon (3/15)

Altars:
Qazlal
Trog
The Shining One


Innate Abilities, Weirdness & Mutations

You reflexively headbutt those who attack you in melee.
You have a pair of horns on your head.


Message History

You hear some strange, mumbled words.
A puff of flame appears from out of thin air!
The puff of flame hits you!
You miss something.
Something hits you but does no damage. x2
You miss something.
Something hits you but does no damage. x2
You hit something. Your headbutt misses something.
You hear some strange, mumbled words.
A puff of frost appears from out of thin air!
The puff of frost hits you.
* * * LOW HITPOINT WARNING * * *
You barely miss something. Something hits you but does no damage.
You hear some strange, mumbled words.
A puff of flame appears from out of thin air!
The puff of flame hits you!
* * * LOW HITPOINT WARNING * * *
You hit something but do no damage. Something hits you but does no damage.
You hear some strange, mumbled words.
A puff of flame appears from out of thin air!
The puff of flame hits you.
You die...

###.<...###..##.........##
.....†..# #..##........##
###.#...# #..####.###.##
#.#...###..####<# #.#
#.......).......# #.#
####..###..###### #.# #..#
#..# #.# #..#
#..########.# #..#
#.....@{....# #..#
##.#######..# #..# #.#
.... #..# #.# ####
######..# #.#######
.......(####........
#######......#######
######.# ####### ######.#
#.....#


There were no monsters in sight!

Vanquished Creatures
  A hound (D:2)
  Terence (D:2)
  2 adders
  An ooze (D:2)
  2 worms
  A dart slug (D:1)
  4 leopard geckos (D:1)
  2 orcs (D:3)
  3 ball pythons
  2 giant cockroaches
  6 goblins
  9 hobgoblins
  10 jackals
  5 kobolds
  A quokka (D:2)
  7 bats
  3 frilled lizards
  3 rats
63 creatures vanquished.

Notes
Turn   | Place    | Note
-------+----------+-------------------------------------------
     0 | D:1      | Peloso the Minotaur Fighter began the quest for the Orb.
     0 | D:1      | Reached XP level 1. HP: 19/19 MP: 0/0
    25 | D:1      | Reached XP level 2. HP: 22/27 MP: 1/1
    98 | D:1      | Reached skill level 4 in Shields
   387 | D:1      | Reached XP level 3. HP: 33/33 MP: 2/2
  1120 | D:2      | Found a bloodstained altar of Trog.
  1120 | D:2      | Found a stormy altar of Qazlal.
  1120 | D:2      | Found a glowing golden altar of the Shining One.
  1122 | D:2      | Noticed Terence
  1132 | D:2      | Killed Terence
  1132 | D:2      | Reached XP level 4. HP: 32/40 MP: 3/3
  1611 | D:2      | Reached skill level 5 in Shields
  1875 | D:3      | Reached XP level 5. HP: 46/46 MP: 4/4
  2408 | D:3      | HP: 1/47 [something/puff of flame (11)]
  2409 | D:3      | Killed from afar by an orc wizard

Illustrated notes

Levels and vault maps discovered:
D:1:      psy_arrival_dodecagon, layout_basic
D:2:      layout_loops_ring, gammafunk_temple_overflow_claw, uniq_terence
D:3:      layout_loops_ring, biasface_ghost_orc_armoury

Skill      XL: |  1  2  3  4 |
---------------+-------------+-----
Shields        | 4 5 |  5.0
Fighting       | 4 |  4.5
Armour         | 4 |  4.4
Long Blades    | 3 |  3.9
Dodging        | |  0.3
Stealth        | |  0.1

Action                   |  1- 3 |  4- 6 || total
-------------------------+-------+-------++-------
Melee: Long sword        |    90 |    95 ||   185
       Headbutt          |    13 |    11 ||    24
  Use: Scroll            |     4 |       ||     4
       Potion            |     3 |       ||     3
Armor: Scale mail        |    20 |       ||    20
       Chain mail        |    42 |    42 ||    84
Dodge: Dodged            |    39 |    27 ||    66
Block: Kite shield       |    65 |    42 ||   107
       Rpst.: Long sword |    15 |     4 ||    19

Table legend: (Time is in decaauts)
 A = Elapsed time spent in this place.
 B = Non-inter-level travel time spent in this place.
 C = Inter-level travel time spent in this place.
 D = Time resting spent in this place.
 E = Time spent auto-exploring this place.
 F = Levels seen in this place.
 G = Mean time per level.
                   A        B        C        D        E       F      G
               +--------+--------+--------+--------+--------+-----+--------+
         Total |   2463 |   2401 |     62 |     36 |   1756 |   3 |  821.0 |
       Dungeon |   2463 |   2401 |     62 |     36 |   1756 |   3 |  821.0 |
               +--------+--------+--------+--------+--------+-----+--------+

Top non-repeatable levels by time:
     D:1: 1074 daAuts
     D:2: 786 daAuts
     D:3: 602 daAuts
